 Dungeon Crawl Stone Soup version 0.24.0-123-gd5b16e6ec5 (webtiles) character file.

Game seed: 8011842391291806022, levelgen mode: deterministic

331 DungeonDestroyer the Shield-Bearer (level 6, -2/53 HPs)
             Began as a Gnoll Fighter on Feb 6, 2020.
             Slain by an ogre
             ... wielding a +0 giant spiked club
              (8 damage)
             ... on level 4 of the Dungeon.
             The game lasted 00:04:52 (1910 turns).

DungeonDestroyer the Shield-Bearer (Gnoll Fighter)  Turns: 1910, Time: 00:04:53

Health: -2/53      AC: 13    Str: 20    XL:     6   Next: 52%
Magic:  9/9        EV:  7    Int: 10    God:
Gold:   197        SH: 13    Dex: 15    Spells: 9/9 levels left

rFire    . . .     SeeInvis .   a - +1 war axe
rCold    . . .     Gourm    .   c - +0 shield
rNeg     . . .     Faith    .   u - +0 chain mail
rPois    .         Spirit   .   (no helmet)
rElec    .         Reflect  +   (no cloak)
rCorr    .         Harm     .   q - +0 pair of gloves
MR       .....                  p - +0 pair of boots
Stlth    ..........             n - +2 amulet of reflection
HPRegen  0.17/turn              (no ring)
MPRegen  0.11/turn              (no ring)

@: lightly drained
A: distributed training, fangs 1, strong nose
a: no special abilities


You were on level 4 of the Dungeon.
You were not hungry.

You visited 1 branch of the dungeon, and saw 5 of its levels.

You collected 197 gold pieces.

Inventory:

Hand Weapons
 a - a +1 war axe (weapon)
 k - a +2 mace of draining
Missiles
 g - 119 stones (quivered)
 i - 16 arrows
 j - 3 boomerangs
 s - 34 bolts
Armour
 c - a +0 shield (worn)
 p - a +0 pair of boots (worn)
 q - a +0 pair of gloves (worn)
 u - a +0 chain mail (worn)
Jewellery
 n - a +2 amulet of reflection (around neck)
 w - a +4 ring of dexterity {unknown}
Scrolls
 b - a scroll of fear {unknown}
 e - 2 scrolls of magic mapping
 l - 2 scrolls of amnesia
 m - a scroll of identify
 o - a scroll of immolation {unknown}
 r - 4 scrolls of remove curse
 x - a scroll of blinking {unknown}
 y - a scroll of enchant armour {unknown}
Potions
 d - 2 potions of might
 t - 2 potions of curing
 v - 2 potions of mutation {unknown}
Comestibles
 f - 4 rations
 h - 9 chunks of flesh


   Skills:
 + Level 6.8(6.6) Fighting
 + Level 2.0(1.8) Short Blades
 + Level 2.0(1.8) Long Blades
 + Level 5.0(4.8) Axes
 + Level 2.0(1.8) Maces & Flails
 + Level 2.0(1.8) Polearms
 + Level 2.0(1.8) Staves
 + Level 2.0(1.8) Slings
 + Level 2.0(1.8) Bows
 + Level 2.0(1.8) Crossbows
 + Level 2.0(1.8) Throwing
 + Level 6.8(6.6) Armour
 + Level 2.0(1.8) Dodging
 + Level 2.0(1.8) Stealth
 + Level 6.8(6.6) Shields
 + Level 2.0(1.8) Unarmed Combat
 + Level 2.0(1.8) Spellcasting
 + Level 1.5(1.4) Conjurations
 + Level 1.5(1.4) Hexes
 + Level 1.5(1.4) Charms
 + Level 1.5(1.4) Summonings
 + Level 1.5(1.4) Necromancy
 + Level 1.5(1.4) Translocations
 + Level 1.5(1.4) Transmutations
 + Level 1.5(1.4) Fire Magic
 + Level 1.5(1.4) Ice Magic
 + Level 1.5(1.4) Air Magic
 + Level 1.5(1.4) Earth Magic
 + Level 1.5(1.4) Poison Magic
 + Level 2.1(2.0) Invocations
 + Level 2.0(1.8) Evocations


You had 9 spell levels left.
You didn't know any spells.
Your spell library was empty.

Dungeon Overview and Level Annotations

Branches:
Dungeon (5/15)
 Temple: D:4-7

Altars:
Ashenzari


Innate Abilities, Weirdness & Mutations

Your experience applies equally to all skills.
You have very sharp teeth.
Your uncanny sense of smell can sniff out nearby items.


Message History

You are too injured to fight recklessly!
You are too injured to fight recklessly!
You are too injured to fight recklessly!
You are too injured to fight recklessly!
You are too injured to fight recklessly!
You are too injured to fight recklessly!
You are too injured to fight recklessly!
You are too injured to fight recklessly!
You are too injured to fight recklessly!
Unknown command.
You hit the ogre.
The ogre is moderately wounded.
The ogre hits you but does no damage.
You closely miss the ogre.
The ogre is moderately wounded.
You block the ogre's attack.
You slice the ogre!!
The ogre is almost dead.
The ogre hits you with a +0 giant spiked club!
You die...

#.# #.#
#.# #.#
#.# #.#
#.#
#.#####.#
#....O@.#
#.#######


You could see an ogre.

Vanquished Creatures
  An ogre (D:4)
  An orc priest (D:2)
  2 orc wizards (D:4)
  2 worker ants (D:4)
  A hound skeleton (D:4)
  A gnoll (D:1)
  2 adders
  A worm (D:3)
  A dart slug (D:2)
  3 leopard geckos
  6 orcs
  2 ball pythons
  8 bats
  4 giant cockroaches
  7 goblins
  6 hobgoblins
  6 jackals
  2 frilled lizards
  5 kobolds
  A leopard gecko skeleton (D:4)
  2 rats (D:1)
64 creatures vanquished.

Notes
Turn   | Place    | Note
-------+----------+-------------------------------------------
     0 | D:1      | DungeonDestroyer the Gnoll Fighter began the quest for the
                  | Orb.
     0 | D:1      | Reached XP level 1. HP: 23/23 MP: 1/1
   106 | D:1      | Reached XP level 2. HP: 28/29 MP: 2/2
   459 | D:1      | Reached XP level 3. HP: 34/35 MP: 3/3
   810 | D:2      | Reached skill level 1 in Invocations
   825 | D:2      | Reached skill level 1 in Short Blades
   825 | D:2      | Reached skill level 1 in Long Blades
   825 | D:2      | Reached skill level 1 in Maces & Flails
   825 | D:2      | Reached skill level 1 in Polearms
   825 | D:2      | Reached skill level 1 in Staves
   825 | D:2      | Reached skill level 1 in Slings
   825 | D:2      | Reached skill level 1 in Bows
   825 | D:2      | Reached skill level 1 in Crossbows
   825 | D:2      | Reached skill level 1 in Throwing
   825 | D:2      | Reached skill level 1 in Dodging
   825 | D:2      | Reached skill level 1 in Stealth
   825 | D:2      | Reached skill level 1 in Unarmed Combat
   825 | D:2      | Reached skill level 1 in Spellcasting
   825 | D:2      | Reached skill level 1 in Evocations
   825 | D:2      | Reached XP level 4. HP: 41/41 MP: 5/5
  1068 | D:2      | Reached skill level 1 in Conjurations
  1068 | D:2      | Reached skill level 1 in Hexes
  1068 | D:2      | Reached skill level 1 in Charms
  1068 | D:2      | Reached skill level 1 in Summonings
  1068 | D:2      | Reached skill level 1 in Necromancy
  1068 | D:2      | Reached skill level 1 in Translocations
  1068 | D:2      | Reached skill level 1 in Transmutations
  1068 | D:2      | Reached skill level 1 in Fire Magic
  1068 | D:2      | Reached skill level 1 in Ice Magic
  1068 | D:2      | Reached skill level 1 in Air Magic
  1068 | D:2      | Reached skill level 1 in Earth Magic
  1068 | D:2      | Reached skill level 1 in Poison Magic
  1433 | D:3      | You fall into a shaft and drop 2 floors!
  1433 | D:5      | Entered Level 5 of the Dungeon
  1500 | D:4      | Reached XP level 5. HP: 47/47 MP: 5/7
  1548 | D:4      | Noticed an ogre
  1567 | D:4      | Killed an ogre
  1567 | D:4      | Reached XP level 6. HP: 53/53 MP: 8/8
  1718 | D:4      | Found a shattered altar of Ashenzari.
  1805 | D:4      | Reached skill level 5 in Axes
  1910 | D:4      | Slain by an ogre

Levels and vault maps discovered:
D:1:      dpeg_arrival_oval, layout_basic, palyth_stone_intersect
D:2:      layout_rooms
D:3:      layout_basic, hangedman_decor_slide_cut, uniq_ijyb
D:4:      layout_basic, ashenzari_conservatory_becter
D:5:      lemuel_ratsnest, layout_loops_ring, first_ration,
          minmay_misc_feat_rugged, st_stairs_11, uniq_prince_ribbit1

Skill      XL: |  1  2  3  4  5  6 |
---------------+-------------------+-----
Invocations    | 1 2 |  2.1
Short Blades   | 1 2 |  2.0
Long Blades    | 1 2 |  2.0
Maces & Flails | 1 2 |  2.0
Polearms       | 1 2 |  2.0
Staves         | 1 2 |  2.0
Slings         | 1 2 |  2.0
Bows           | 1 2 |  2.0
Crossbows      | 1 2 |  2.0
Throwing       | 1 2 |  2.0
Dodging        | 1 2 |  2.0
Stealth        | 1 2 |  2.0
Unarmed Combat | 1 2 |  2.0
Spellcasting   | 1 2 |  2.0
Evocations     | 1 2 |  2.0
Conjurations   | 1 |  1.5
Hexes          | 1 |  1.5
Charms         | 1 |  1.5
Summonings     | 1 |  1.5
Necromancy     | 1 |  1.5
Translocations | 1 |  1.5
Transmutations | 1 |  1.5
Fire Magic     | 1 |  1.5
Ice Magic      | 1 |  1.5
Air Magic      | 1 |  1.5
Earth Magic    | 1 |  1.5
Poison Magic   | 1 |  1.5
Axes           | 5 |  5.0
Fighting       | |  6.8
Armour         | |  6.8
Shields        | |  6.8

Action                   |  1- 3 |  4- 6 || total
-------------------------+-------+-------++-------
Melee: War axe           |    89 |    93 ||   182
       Bite              |    15 |     9 ||    24
  Use: Scroll            |     2 |     7 ||     9
       Potion            |       |     2 ||     2
  Eat: Chunk             |       |     4 ||     4
Armor: Scale mail        |    49 |    22 ||    71
       Chain mail        |       |    17 ||    17
Dodge: Dodged            |    25 |    24 ||    49
Block: Shield            |    51 |    49 ||   100
